 Dungeon Crawl Stone Soup version 0.25.1-2-g60ff931df9 (webtiles) character file.

Game seed: 13973582251199002865

724027 Peloso the Minotaur Barricade (level 27, -8/273 HPs)
             Began as a Minotaur Fighter on Aug 18, 2020.
             Was the Champion of Okawaru.
             Killed from afar by a jiangshi (13 damage)
             ... with an exploding inner flame
             ... summoned by a greater mummy
             ... hexed by the player character
             ... on level 19 of a ziggurat.
             The game lasted 04:55:31 (88980 turns).

Peloso the Minotaur Barricade (Minotaur Fighter)   Turns: 88980, Time: 04:55:31

Health: -8/273     AC: 53    Str: 31    XL:     27
Magic:  35/35      EV: 18    Int:  1    God:    Okawaru [******]
Gold:   9571       SH: 44    Dex: 22    Spells: 29/29 levels left

rFire    + . .     SeeInvis .   a - +7 Screaming Sword {vorpal, sonic wave}
rCold    + . .     Gourm    .   c - +10 tower shield of Ignorance {rN+ Int-4}
rNeg     + . .     Faith    .   m - +12 gold dragon scales
rPois    +         Spirit   .   (helmet unavailable)
rElec    +         Reflect  +   g - +2 cloak {rCorr}
rCorr    +         Harm     .   G - +2 pair of gloves {Str+3}
MR       ++++.     Rnd*Rage +   j - +2 pair of boots {run}
Stlth    ..........             H - amulet "Gakk" {Reflect *Contam MR+ Slay+2 SH+5}
HPRegen  0.55/turn              D - ring of the Devil {+Fly Slay+6}
MPRegen  0.24/turn              d - ring of Xom's Capriciousness {+Blink rElec Dex+6}

@: heroism, finesse, very slightly contaminated, slowed, studying Dodging, very
slow
A: retaliatory headbutt, beak, horns 3, talons 1, yellow scales 1, berserk 1,
blink, magic resistance 1
}: 4/15 runes: decaying, slimy, silver, gossamer
a: Blink, Heroism, Finesse, Renounce Religion, Evoke Blink, Evoke Flight


You were on level 19 of a ziggurat.
You worshipped Okawaru.
Okawaru was exalted by your worship.
You were not hungry.

You visited 11 branches of the dungeon, and saw 53 of its levels.
You visited the Abyss 3 times.
You visited 1 bazaar.
You visited 1 ziggurat, and saw 19 of its levels.
You also visited: Gauntlet, Ice Cave, Volcano and Wizlab.

You collected 13041 gold pieces.
You spent 3470 gold pieces at shops.

Inventory:

Hand Weapons
 a - the +7 Screaming Sword (weapon) {vorpal, sonic wave}
   (You found it on level 2 of the Vaults)

   It inflicts extra damage upon your enemies.
 b - the +9 long sword "Nahofiem" {flame, rC+ Str+3}
   (Okawaru gifted it to you on level 1 of the Vaults)

   It has been specially enchanted to burn those struck by it, causing extra
   injury to most foes and up to half again as much damage against particularly
   susceptible opponents.
   Big, fiery blades are also staple armaments of hydra-hunters.
   It affects your strength (+3).
   It protects you from cold.
Armour
 c - the +10 tower shield of Ignorance (worn) {rN+ Int-4}
   (You found it on level 1 of the Orcish Mines)

   It affects your intelligence (-4).
   It protects you from negative energy.
 g - a +2 cloak of preservation (worn)
 j - a +2 pair of boots of running (worn)
 m - +12 gold dragon scales (worn)
 G - a +2 pair of gloves of strength (worn)
 R - the +8 orange crystal plate armour {Archmagi, Int+3 Clar}
   (You found it on level 2 of the Swamp)

   It affects your intelligence (+3).
   It protects you against confusion.
Jewellery
 d - the ring of Xom's Capriciousness (right hand) {+Blink rElec Dex+6}
   (You found it on level 12 of a ziggurat)

   [ring of dexterity]

   It affects your dexterity (+6).
   It insulates you from electricity.
   It lets you blink.
 s - the ring of Ashenzari's Vengeance {rPois rC+ rN++}
   (You found it in an ice cave)

   [ring of protection from cold]

   It protects you from cold.
   It protects you from poison.
   It greatly protects you from negative energy.
 x - the amulet "Tottelle" {Reflect +Blink SH+5 SInv}
   (You found it on level 5 of a ziggurat)

   [amulet of reflection]

   It shields you and reflects attacks.
   It lets you see invisible.
   It lets you blink.
   It affects your SH (+5).
 B - the ring of Shadows {Umbra +Inv Stlth+}
   (You found it on level 6 of a ziggurat)

   [ring of stealth]

   It lets you turn invisible.
   It makes you more stealthy.
 C - the cursed ring "Racsesa" {+Blink rElec rN+ Int-4 SInv}
   (You found it on level 8 of a ziggurat)

   [ring of intelligence]

   It affects your intelligence (-4).
   It insulates you from electricity.
   It protects you from negative energy.
   It lets you see invisible.
   It lets you blink.
   It has a curse placed upon it.
 D - the ring of the Devil (left hand) {+Fly Slay+6}
   (You found it on level 5 of the Pits of Slime)

   [ring of flight]

   It affects your accuracy and damage with ranged weapons and melee attacks
   (+6).
   It lets you fly.
 E - the ring of Rimaik {rElec rC+ Str+6 Stlth+}
   (You found it on level 16 of a ziggurat)

   [ring of strength]

   It affects your strength (+6).
   It protects you from cold.
   It insulates you from electricity.
   It makes you more stealthy.
 H - the amulet "Gakk" (around neck) {Reflect *Contam MR+ Slay+2 SH+5}
   (You acquired it on level 3 of the Elven Halls)

   [amulet of reflection]

   It shields you and reflects attacks.
   It affects your accuracy and damage with ranged weapons and melee attacks
   (+2).
   It affects your resistance to hostile enchantments.
   It causes magical contamination when unequipped.
   It affects your SH (+5).
 J - the ring "Ubryucla" {rC+ Str+6 Int+5 Stlth+}
   (You found it on level 13 of a ziggurat)

   [ring of stealth]

   It affects your strength (+6).
   It affects your intelligence (+5).
   It protects you from cold.
   It makes you more stealthy.
 L - the amulet of Asoiget {Reflect Dex+8 SH+5}
   (You acquired it on level 1 of the Spider Nest)

   [amulet of reflection]

   It shields you and reflects attacks.
   It affects your dexterity (+8).
   It affects your SH (+5).
 Q - the cursed necklace of Bloodlust {*Rage +Rage MR++ Int-3 Slay+6 *Curse}
   (You found it on level 13 of a ziggurat)

   [amulet of nothing]

   It affects your intelligence (-3).
   It affects your accuracy and damage with ranged weapons and melee attacks
   (+6).
   It affects your resistance to hostile enchantments.
   It lets you go berserk.
   It may make you go berserk in combat.
   It curses itself when equipped.
   It has a curse placed upon it.
 T - the amulet of Macoeschy {Regen+ Dex+6}
   (You found it on level 15 of a ziggurat)

   [amulet of regeneration]

   It affects your dexterity (+6).
   It increases your rate of regeneration.
 U - a cursed -4 ring of slaying
Wands
 K - a wand of iceblast (10)
Scrolls
 e - a scroll of acquirement
 h - 8 scrolls of enchant weapon
 i - 6 scrolls of magic mapping
 l - 19 scrolls of teleportation
 n - 26 scrolls of remove curse
 o - a scroll of amnesia
 r - 7 scrolls of identify
 v - 3 scrolls of fog
 y - 6 scrolls of noise
 z - 6 scrolls of blinking
 M - 12 scrolls of fear
 S - a scroll of enchant armour
Potions
 k - 7 potions of resistance
 p - a potion of haste
 q - 13 potions of stabbing
 u - 19 potions of curing
 w - 7 potions of mutation
 A - 3 potions of berserk rage
 O - 5 potions of flight
 P - 6 potions of might
 V - 2 potions of cancellation
Books
 W - a manual of Dodging
Miscellaneous
 F - a box of beasts
Comestibles
 f - 85 rations


   Skills:
 O Level 27 Fighting
 O Level 27 Long Blades
   Level 0.9(5.9) Maces & Flails
 + Level 2.5(7.5) Throwing
 O Level 27 Armour
 + Level 9.1(14.1) Dodging
 + Level 6.2(11.2) Stealth
 O Level 27 Shields
 + Level 2.6(7.6) Unarmed Combat
 + Level 1.6 Spellcasting
 + Level 18.5 Invocations
 + Level 5.6 Evocations


You had 29 spell levels left.
You didn't know any spells.
Your spell library contained the following spells:

 Spells                   Type           Power        Failure   Level  Hunger
 Animate Skeleton         Necr           N/A          97%         1    ##.....
 Apportation              Tloc           #.....       97%         1    ##.....
 Beastly Appendage        Tmut           #.....       97%         1    ##.....
 Corona                   Hex            #......      97%         1    ##.....
 Foxfire                  Conj/Fire      #...         97%         1    ##.....
 Freeze                   Ice            #...         97%         1    ##.....
 Infusion                 Chrm           #...         97%         1    ##.....
 Magic Dart               Conj           #...         97%         1    ##.....
 Pain                     Necr           #...         97%         1    ##.....
 Sting                    Tmut/Pois      #...         97%         1    ##.....
 Summon Small Mammal      Summ           #...         97%         1    ##.....
 Call Imp                 Summ           #.......     99%         2    ###....
 Corpse Rot               Necr/Air       N/A          99%         2    ###....
 Ensorcelled Hibernation  Hex/Ice        #.....       99%         2    ###....
 Passwall                 Tmut/Erth      #.......     99%         2    ###....
 Poisonous Vapours        Pois/Air       #.....       99%         2    ###....
 Searing Ray              Conj           #.....       99%         2    ###....
 Shroud of Golubria       Chrm/Tloc      #.....       99%         2    ###....
 Song of Slaying          Chrm           #.......     99%         2    ###....
 Sticks to Snakes         Tmut           #.......     99%         2    ###....
 Sublimation of Blood     Necr           #.........   99%         2    ###....
 Confusing Touch          Hex            #.......     100%        3    ####...
 Conjure Flame            Conj/Fire      #.......     100%        3    ####...
 Dazzling Flash           Conj/Hex       #.....       100%        3    ####...
 Frozen Ramparts          Ice            #.....       100%        3    ####...
 Gell's Gravitas          Tloc           #.........   100%        3    ####...
 Ignite Poison            Fire/Tmut/Pois #.......     100%        3    ####...
 Inner Flame              Hex/Fire       #.......     100%        3    ####...
 Mephitic Cloud           Conj/Pois/Air  #.......     100%        3    ####...
 Ozocubu's Armour         Chrm/Ice       #.......     100%        3    ####...
 Portal Projectile        Hex/Tloc       #.....       100%        3    ####...
 Recall                   Summ/Tloc      N/A          100%        3    ####...
 Spectral Weapon          Hex/Chrm       #.......     100%        3    ####...
 Spider Form              Tmut/Pois      #.........   100%        3    ####...
 Stone Arrow              Conj/Erth      #.....       100%        3    ####...
 Vampiric Draining        Necr           #.........   100%        3    ####...
 Animate Dead             Necr           N/A          100%        4    #####..
 Dispel Undead            Necr           #.......     100%        4    #####..
 Fulminant Prism          Conj/Hex       #.........   100%        4    #####..
 Hailstorm                Conj/Ice       #.......     100%        4    #####..
 Ice Form                 Ice/Tmut       #.......     100%        4    #####..
 Iskenderun's Mystic Bla  Conj/Tloc      #.......     100%        4    #####..
 Olgreb's Toxic Radiance  Pois           #.......     100%        4    #####..
 Petrify                  Tmut/Erth      #.......     100%        4    #####..
 Sticky Flame             Conj/Fire      #.......     100%        4    #####..
 Summon Ice Beast         Ice/Summ       #.......     100%        4    #####..
 Agony                    Necr           #.......     100%        5    ######.
 Alistair's Intoxication  Tmut/Pois      #.......     100%        5    ######.
 Blade Hands              Tmut           #.........   100%        5    ######.
 Bolt of Magma            Conj/Fire/Erth #.........   100%        5    ######.
 Borgnjor's Vile Clutch   Necr/Erth      #.........   100%        5    ######.
 Excruciating Wounds      Chrm/Necr      #.........   100%        5    ######.
 Fireball                 Conj/Fire      #.........   100%        5    ######.
 Irradiate                Conj/Tmut      #.........   100%        5    ######.
 Iskenderun's Battlesphe  Conj/Chrm      #.......     100%        5    ######.
 Lee's Rapid Deconstruct  Erth           #.........   100%        5    ######.
 Metabolic Englaciation   Hex/Ice        #.........   100%        5    ######.
 Silence                  Hex/Air        #.........   100%        5    ######.
 Summon Forest            Summ/Tloc      #.........   100%        5    ######.
 Yara's Violent Unravell  Hex/Tmut       #.........   100%        5    ######.
 Darkness                 Hex            #.........   100%        6    #######
 Death Channel            Necr           #.........   100%        6    #######
 Dispersal                Tloc           #.........   100%        6    #######
 Eringya's Noxious Bog    Tmut/Pois      #.........   100%        6    #######
 Freezing Cloud           Conj/Ice/Air   #.........   100%        6    #######
 Hydra Form               Tmut           #.........   100%        6    #######
 Invisibility             Hex            #.......     100%        6    #######
 Iron Shot                Conj/Erth      #.........   100%        6    #######
 Ozocubu's Refrigeration  Ice            #.........   100%        6    #######
 Shadow Creatures         Summ           N/A          100%        6    #######
 Simulacrum               Ice/Necr       #.........   100%        6    #######
 Starburst                Conj/Fire      #.........   100%        6    #######
 Statue Form              Tmut/Erth      #........    100%        6    #######
 Dragon Form              Tmut           #.........   100%        7    #######
 Orb of Destruction       Conj           #.........   100%        7    #######
 Ring of Flames           Chrm/Fire      #.........   100%        7    #######
 Spellforged Servitor     Conj/Summ      #.........   100%        7    #######
 Summon Hydra             Summ           #.........   100%        7    #######
 Controlled Blink         Tloc           N/A          100%        8    #######
 Disjunction              Tloc           #.........   100%        8    #######
 Ignition                 Fire           #.........   100%        8    #######


Dungeon Overview and Level Annotations

Branches:
Dungeon (15/15)            Temple (1/1) D:5            Lair (6/6) D:10
  Swamp (4/4) Lair:3       Spider (4/4) Lair:2        Slime (5/5) Lair:6
    Orc (2/2) D:9             Elf (3/3) Orc:2        Vaults (5/5) D:14
  Crypt (3/3) Vaults:2       Tomb (0/3) Crypt:3      Depths (5/5) D:15
    Zot (0/5) Depths:5      IceCv (visited)         Volcano (visited)
 WizLab (visited)         Gauntlet (visited)

Altars:
Ashenzari
Cheibriados
Dithmenos
Fedhas
Kikubaaqudgha
Makhleb
Nemelex Xobeh
Okawaru
Qazlal
Trog
Vehumet
Wu Jian
Xom
Yredelemnul
Zin
Beogh

Shops:
D:4 !   D:10 *[   D:13 *   Orc:2 :?(:   Elf:1 :   Elf:2 *   Elf:3 (
Vaults:1 =   Vaults:3 (

Portals:
Hell: Depths:1 Depths:3 Depths:4 Depths:5
Abyss: Depths:4 Depths:5
Pandemonium: Depths:3 Depths:5

Annotations:
D:11 CASA


Innate Abilities, Weirdness & Mutations

You reflexively headbutt those who attack you in melee.
You have a pair of large horns on your head.
You have a beak for a mouth.
You have sharp toenails.
You are partially covered in yellow scales. (AC +2)
You tend to lose your temper in combat.
You can translocate small distances at will.
You are resistant to hostile enchantments. (MR+)


Message History

The fiery explosion engulfs the hungry ghost!!!
You destroy the hungry ghost!
The fiery explosion engulfs the greater mummy!!!
Flame seeps out of the greater mummy.
The greater mummy is heavily damaged.
The fiery explosion engulfs the mana viper!!!
The mana viper explodes!
The fiery explosion engulfs the emperor scorpion!!
The emperor scorpion explodes!
The fiery explosion engulfs the jiangshi!!!
The jiangshi explodes!
The fiery explosion engulfs the flayed ghost!!
You destroy the flayed ghost!
The fiery explosion engulfs the wight!!
You destroy the wight!
The fiery explosion engulfs the flying skull!
The flying skull resists.
Flame seeps out of the flying skull.
The flying skull is severely damaged.
The fiery explosion engulfs you! You resist.
You die...

▓.......43WZ...8.......M
▓▓...zV3M☼☼°.MZ...M..S...
▓..§§§ZWV8zMM.b........○.
▓▓.§§§Mss§§°nMZM.M...Z°.M
▓..§§4Z.Z...M.M.....M...
▓..§○○MVz.zM..M..4°.WWZM
▓..§§§○z8.........§☼§ZMs
▓▓.§§○§§.≈≈≈.M.......≈≈≈
▓▓W.§§@.≈8≈.........≈8≈
▓▓.....≈≈§.........≈≈§
▓▓...................
▓▓..................
▓▓▓................
▓▓..... ▓▓▓▓▓


You could see 4 greater mummies, 2 emperor scorpions, a bennu, 2 mummy priests,
a jiangshi (summoned, inner flame), 2 phantasmal warriors, 3 guardian mummies, 2
ushabtiu, an ice devil (summoned, inner flame), a ynoxinul (summoned, inner
flame), 2 vampires, a necrophage (summoned), 4 flying skulls, 4 mummies, a wight
(summoned, inner flame), a storm dragon simulacrum (summoned), a spriggan
defender simulacrum (summoned), a tengu reaver zombie (summoned), a caustic
shrike zombie (summoned, inner flame) and a shadow dragon skeleton.

Vanquished Creatures
  the Royal Jelly (Slime:5)
  2 ancient liches
  Mara (Swamp:3)
  2 juggernauts
  Mennas (Vaults:4)
  3 greater mummies
  Sojobo (Vaults:4)
  Bai Suzhen (Depths:1)
  A pandemonium lord (Zig:10)
  2 shard shrikes (Zig:9)
  5 Killer Klowns
  8 caustic shrikes
  Nikola (Spider:1)
  Jory (Depths:5)
  3 golden dragons
  2 profane servitors (Crypt:3)
  4 bone dragons
  Jorgrun (Spider:3)
  An iron giant (Zig:16)
  5 electric golems (Zig:17)
  An Ice Fiend (Zig:11)
  9 tentacled monstrosities
  11 liches
  Asterion (Depths:3)
  4 deep elf blademasters (Elf:3)
  4 titans
  A quicksilver dragon (Depths:4)
  A quicksilver dragon (shapeshifter) (Zig:7)
  2 deep elf master archers (Elf:3)
  19 acid blobs
  Frances (D:12)
  A sphinx (shapeshifter) (Zig:6)
  Gastronok (D:11)
  2 ancient champions
  6 tengu reavers
  4 shadow dragons
  15 thorn hunters
  2 shadow dragons (shapeshifter)
  Kirke (D:12)
  Roxanne (Swamp:4)
  2 tentacled starspawn (Abyss:3)
  6 sphinxes
  15 fire giants
  2 revenants
  8 storm dragons
  15 azure jellies
  A fire giant (shapeshifter) (Zig:7)
  An iron dragon (Depths:4)
  Donald (Swamp:3)
  19 frost giants
  10 deep elf sorcerers
  6 nagarajas (Zig:14)
  24 vault wardens
  6 orc warlords (Zig:15)
  2 draconian scorchers
  8 deep elf elementalists
  An emperor scorpion (shapeshifter) (Depths:5)
  4 ghost moths
  Aizul (Swamp:3)
  The ghost of Veteran the Thaumaturge, a journeyman GnEE of Okawaru (Swamp:2)
  An angel (Abyss:3)
  3 curse skulls
  4 emperor scorpions
  Louise (Spider:2)
  6 war gargoyles
  4 reapers
  3 draconian annihilators
  2 caustic shrike zombies
  36 stone giants
  A caustic shrike skeleton (Crypt:1)
  5 spriggan defenders
  16 ironheart preservers
  A green draconian (Depths:5)
  5 ghouls (Crypt:3)
  21 very ugly things
  3 entropy weavers
  16 vampire knights
  7 deep elf demonologists
  A juggernaut skeleton (Zig:11)
  A minotaur (Gauntlet)
  4 white draconians (Depths:5)
  4 bennus (Zig:19)
  14 deep elf annihilators
  A red draconian (Depths:5)
  13 spark wasps
  15 deep elf death magi
  3 merfolk javelineers
  11 large abominations
  A green death (Zig:18)
  10 eidola
  12 jiangshi
  4 blizzard demons
  17 ettins
  8 death oozes
  The ghost of Veteran the Thaumaturge, a journeyman GnEE of Okawaru (Lair:2)
  Josephine (D:13)
  12 fire dragons
  5 mummy priests
  A quicksilver dragon zombie (Zig:16)
  14 yaktaur captains
  7 deep elf high priests
  17 ice dragons
  11 great orbs of eyes
  A merfolk impaler (Depths:2)
  2 great orbs of eyes (shapeshifter)
  10 small abominations
  A quicksilver dragon skeleton (Zig:11)
  5 rakshasas
  A hell beast (Zig:7)
  13 spriggan air magi
  2 hydras (shapeshifter)
  5 ghost crabs
  35 hydras
  A monstrous demonspawn (Depths:5)
  An ice dragon (shapeshifter) (Vaults:1)
  5 shambling mangroves
  2 alligator snapping turtles (Zig:14)
  A two-headed ogre (shapeshifter) (Zig:4)
  41 vault guards
  An anaconda (Zig:14)
  A merfolk aquamancer (Zig:14)
  5 death knights
  23 dancing weapons
  5 deep troll shamans
  25 two-headed ogres
  A catoblepas (Zig:3)
  8 tengu warriors
  14 centaur warriors
  16 ogre magi
  8 alligators
  7 deep troll earth magi
  11 death yaks
  9 death scarabs
  A thrashing horror (Abyss:3)
  8 vampire magi
  2 orc high priests
  7 titan zombies
  4 shock serpents (Zig:17)
  7 spriggan berserkers
  A titan skeleton (Crypt:2)
  2 soul eaters
  27 deep elf knights
  4 storm dragon zombies
  An iron golem (Zig:16)
  27 skeletal warriors
  5 iron trolls
  A death drake (Zig:12)
  4 spatial maelstroms (Abyss:3)
  2 shadow wraiths
  A golden dragon zombie (Crypt:3)
  2 ghost moth zombies (Crypt:3)
  A fire crab (Gauntlet)
  A glowing orange brain (shapeshifter) (Vaults:5)
  A wretched star (Abyss:3)
  A sea snake (Zig:14)
  4 spriggan druids
  3 glowing orange brains
  2 spark wasp zombies
  18 wizards
  8 flayed ghosts
  13 deep trolls
  A gelid demonspawn (Depths:5)
  5 unseen horrors
  20 swamp dragons
  An anaconda zombie (Crypt:3)
  An obsidian statue (Zig:6)
  19 deep elf archers
  A lindwurm (shapeshifter) (Elf:1)
  9 necromancers
  2 spectral wolf spiders (Spider:4)
  A lindwurm (Lair:4)
  Pikel (D:9)
  22 ironbrand convokers
  6 orange crystal statues
  14 orc knights
  20 phantasmal warriors
  5 shadow dragon zombies
  A wolf spider (shapeshifter) (Zig:13)
  3 sphinx zombies (Zig:16)
  3 tengu zombies
  A mana viper (shapeshifter) (Zig:10)
  2 fire giant zombies
  8 harpies
  3 wolf spider zombies
  20 orb spiders
  39 wolf spiders
  A harpy (shapeshifter) (Elf:2)
  2 oklob plants (Lair:2)
  A stone giant zombie (WizLab)
  6 shining eyes
  2 sphinx skeletons
  6 cyclopes
  3 manticores
  51 deep elf magi
  An iron dragon zombie (Depths:1)
  60 ugly things
  An anaconda skeleton (Crypt:1)
  3 tengu skeletons
  18 orc sorcerers
  A salamander (Depths:5)
  5 apocalypse crabs
  5 frost giant zombies
  4 toenail golems (Volcano)
  A demonspawn zombie (WizLab)
  2 elephants (shapeshifter)
  An iron dragon skeleton (Zig:11)
  A stone giant skeleton (Depths:1)
  A frost giant skeleton (Vaults:1)
  3 eyes of devastation
  8 rust devils
  6 black mambas
  6 elephants
  A guardian serpent (shapeshifter) (Zig:6)
  7 torpor snails
  2 gargoyles
  4 centaur zombies
  2 guardian serpents (Zig:14)
  A naga mage (Zig:14)
  A spiny frog (shapeshifter) (Zig:6)
  2 water nymphs (shapeshifter)
  2 smoke demons
  6 moths of wrath
  21 vault sentinels
  3 dire elephant zombies (Crypt:3)
  An eye of devastation (shapeshifter) (D:15)
  An orange demon (Abyss:3)
  4 ice statues
  31 spiny frogs
  Maggie (D:8)
  12 komodo dragons
  13 demonic crawlers
  An emperor scorpion zombie (Crypt:1)
  A spectral redback (Spider:4)
  3 hellions
  A yaktaur zombie (Vaults:4)
  A spark wasp simulacrum (Depths:1)
  10 freezing wraiths
  8 tormentors
  4 kobold demonologists
  2 hellwings
  10 rime drakes
  An efreet (D:13)
  4 elf skeletons
  3 red devils
  2 ancient zymes (Abyss:3)
  57 yaktaurs
  5 ice devils
  9 guardian mummies
  8 tengu conjurers
  39 jumping spiders
  3 jumping spiders (shapeshifter)
  10 trolls
  2 hydra zombies (Crypt:3)
  A queen bee (Lair:2)
  A troll (shapeshifter) (Vaults:3)
  32 hornets
  2 queen bees (shapeshifter)
  2 meliai (shapeshifter)
  A spectral tarantella (Spider:4)
  A tarantella zombie (Spider:4)
  An iron troll skeleton (Crypt:2)
  7 raiju
  4 spectral jumping spiders (Spider:4)
  A stone giant simulacrum (Vaults:2)
  2 frost giant simulacra
  27 blink frogs
  13 polar bears (IceCv)
  19 tyrant leeches
  A dream sheep (shapeshifter) (Vaults:5)
  A fire dragon zombie (WizLab)
  2 alligator zombies (Crypt:3)
  111 slime creatures
  5 spriggan zombies
  11 bog bodies
  A human simulacrum (Vaults:1)
  2 ice dragon zombies
  13 hippogriffs
  3 jumping spider zombies (Spider:4)
  An ettin zombie (Crypt:3)
  A satyr skeleton (Crypt:2)
  A meliai zombie (D:14)
  6 air elementals
  A spriggan simulacrum (Depths:1)
  14 wraiths
  11 flying skulls
  17 spriggans
  2 spriggan skeletons
  2 ynoxinuls (Gauntlet)
  A shadow (Swamp:4)
  37 tarantellas
  A spriggan (shapeshifter) (D:15)
  An alligator skeleton (Crypt:1)
  77 redbacks
  A redback (shapeshifter) (Elf:2)
  19 starcursed masses (Abyss:3)
  7 water elementals
  4 wyverns
  2 ettin skeletons (Crypt:1)
  2 vampires
  3 basilisks
  2 humans (shapeshifter)
  4 fire bats (Gauntlet)
  45 yaks
  5 hogs (D:11)
  3 fire elementals
  5 golden eyes
  3 hungry ghosts
  A basilisk (shapeshifter) (Depths:1)
  7 steam dragons (Lair:3)
  58 vampire mosquitoes
  6 chaos spawn
  A spatial vortex (Abyss:3)
  A yaktaur simulacrum (Depths:1)
  A monstrous demonspawn zombie (WizLab)
  7 wargs
  3 neqoxecs (Abyss:3)
  3 acid dragons
  10 insubstantial wisps
  5 deep troll zombies
  16 swamp worms
  20 water moccasins
  A spectral hornet (Spider:4)
  10 porcupines
  A floating eye (shapeshifter) (Zig:10)
  A torturous demonspawn skeleton (Crypt:1)
  10 swamp drakes
  A black bear (D:10)
  7 ice beasts
  4 sky beasts
  2 hell hounds
  38 orc warriors
  5 phantoms
  A black bear (shapeshifter) (Vaults:1)
  9 eyes of draining
  2 hornet zombies
  15 necrophages
  44 ogres
  24 wolves
  9 boggarts
  25 centaurs
  18 crocodiles
  4 human skeletons
  A rime drake skeleton (Crypt:1)
  4 big kobolds
  31 bullfrogs
  6 elf zombies
  3 earth elementals (Elf:1)
  7 wyvern skeletons (Crypt:3)
  2 scorpions
  32 killer bees
  22 wights
  A howler monkey (D:8)
  3 electric eels
  14 crimson imps
  10 hounds
  A wyvern simulacrum (D:14)
  3 bullfrog zombies
  2 quasits
  16 jellies
  15 orc priests
  3 bullfrog skeletons
  5 centaur skeletons
  31 orc wizards
  A black bear skeleton (Crypt:2)
  17 iron imps
  10 iguanas
  A worker ant (shapeshifter) (Depths:3)
  13 worker ants
  A killer bee zombie (D:6)
  A naga zombie (Crypt:3)
  2 hound zombies
  A hound skeleton (D:7)
  3 mummies
  2 worker ant zombies
  10 adders
  A howler monkey skeleton (D:5)
  A steam dragon skeleton (Crypt:2)
  9 shadow imps
  17 white imps
  2 ufetubi
  5 oozes
  A worm zombie (Crypt:2)
  2 adder skeletons
  3 adder zombies
  4 worms
  A dart slug (D:2)
  7 leopard geckos
  89 orcs
  4 bats
  5 giant cockroaches
  11 goblins
  8 hobgoblins
  2 jackals (D:7)
  11 kobolds
  2 quokkas
  2 ball pythons
  A dart slug zombie (Crypt:1)
  10 frilled lizards
  A jackal zombie (D:5)
  A leopard gecko skeleton (D:4)
  7 rats
  101 briar patches
  5 crawling corpses (Vaults:5)
  3 fungi (Lair:6)
  20 plants
  4 starspawn tentacles (Abyss:3)
  7 withered plants (Crypt:3)
3246 creatures vanquished.

Vanquished Creatures (collateral kills)
  2 oklob plants (Lair:2)
2 creatures vanquished.

Vanquished Creatures (others)
  A tengu reaver (Vaults:4)
  2 hydras (Zig:18)
  A merfolk aquamancer (Zig:14)
  An alligator (Swamp:3)
  A shock serpent (Zig:17)
  A necromancer (Vaults:5)
  2 deep elf magi
  A toenail golem (Volcano)
  A vault sentinel (Vaults:5)
  An elf skeleton (Zig:19)
  A tyrant leech (Zig:18)
  2 slime creatures (Zig:18)
  2 redbacks
  4 swamp drakes
  2 wolves (IceCv)
  A boggart (Vaults:2)
  2 orcs
  15 briar patches
  A crawling corpse (Vaults:5)
  9 demonic plants (Gauntlet)
  11 fungi
  A lurking horror (Abyss:3)
  37 plants
  2 starspawn tentacles (Abyss:3)
  A withered plant (Crypt:3)
103 creatures vanquished.

Grand Total: 3351 creatures vanquished

Notes
Turn   | Place    | Note
-------+----------+-------------------------------------------
     0 | D:1      | Peloso the Minotaur Fighter began the quest for the Orb.
     0 | D:1      | Reached XP level 1. HP: 19/19 MP: 0/0
   202 | D:1      | Reached XP level 2. HP: 23/27 MP: 1/1
   637 | D:1      | You fall into a shaft and drop 1 floor!
   700 | D:2      | Reached XP level 3. HP: 33/33 MP: 2/2
  1896 | D:3      | Reached XP level 4. HP: 40/40 MP: 3/3
  2273 | D:3      | Reached XP level 5. HP: 43/47 MP: 4/4
  2699 | D:4      | Found a shadowy altar of Dithmenos.
  2711 | D:4      | Reached skill level 5 in Long Blades
  2997 | D:4      | Found Sesoh's Distillery.
  3002 | D:4      | Bought a potion of mutation for 104 gold pieces
  3002 | D:4      | Bought 2 potions of degeneration for 26 gold pieces
  3389 | D:4      | Reached XP level 6. HP: 51/53 MP: 5/5
  3482 | D:4      | Bought a potion of curing for 39 gold pieces
  3482 | D:4      | Bought a potion of flight for 39 gold pieces
  3500 | D:5      | Entered Level 5 of the Dungeon
  3508 | D:5      | Reached skill level 1 in Dodging
  3803 | D:5      | Reached XP level 7. HP: 49/60 MP: 6/6
  3808 | D:5      | Reached skill level 5 in Shields
  3908 | D:5      | Reached skill level 5 in Fighting
  3923 | D:5      | Reached skill level 5 in Armour
  4524 | D:5      | Found a staircase to the Ecumenical Temple.
  4541 | Temple   | Entered the Ecumenical Temple
  4549 | Temple   | Became a worshipper of Warmaster Okawaru
  4908 | D:6      | Reached XP level 8. HP: 68/68 MP: 7/7
  5060 | D:6      | Reached * piety under Okawaru
  5909 | D:7      | Noticed a two-headed ogre
  5917 | D:7      | Killed a two-headed ogre
  5917 | D:7      | Reached ** piety under Okawaru
  5917 | D:7      | Reached XP level 9. HP: 67/78 MP: 6/8
  5922 | D:7      | Reached skill level 10 in Long Blades
  6504 | D:7      | Found an iron altar of Okawaru.
  6718 | D:7      | Reached *** piety under Okawaru
  7174 | D:8      | Noticed Maggie
  7204 | D:8      | Killed Maggie
  7696 | D:8      | Reached XP level 10. HP: 72/88 MP: 9/9
  7894 | D:8      | Noticed a two-headed ogre
  7906 | D:8      | Killed a two-headed ogre
  7906 | D:8      | Reached **** piety under Okawaru
  8098 | D:9      | Noticed Pikel
  8110 | D:9      | Killed Pikel
  8111 | D:9      | Found a staircase to the Orcish Mines.
  8121 | D:9      | Found a bloodstained altar of Trog.
  8975 | D:10     | Entered Level 10 of the Dungeon
  8982 | D:10     | Found Ireaqi Wuovo's Antique Armour Shop.
  8984 | D:10     | Noticed a death yak
  8984 | D:10     | Noticed a death yak
  8984 | D:10     | Noticed a death yak
  8985 | D:10     | Noticed a death yak
  8986 | D:10     | Noticed a death yak
  8991 | D:10     | Noticed a death yak
  8992 | D:10     | Noticed a death yak
  9007 | D:10     | Killed a death yak
  9007 | D:10     | Reached skill level 10 in Shields
  9021 | D:10     | Killed a death yak
  9021 | D:10     | Reached ***** piety under Okawaru
  9021 | D:10     | Reached skill level 1 in Stealth
  9038 | D:10     | Killed a death yak
  9038 | D:10     | Reached XP level 11. HP: 43/95 MP: 10/10
  9057 | D:10     | Killed a death yak
  9073 | D:10     | Killed a death yak
  9465 | D:9      | Killed a death yak
  9641 | D:10     | Killed a death yak
  9641 | D:10     | Received a gift from Okawaru
  9641 | D:10     | Reached skill level 1 in Invocations
  9661 | D:10     | Found a staircase to the Lair.
  9679 | D:10     | Reached skill level 5 in Dodging
  9946 | D:10     | Got a jewelled battleaxe
  9949 | D:10     | Identified the cursed +1 battleaxe of Sharp True Grit
                  | {vamp, +Blink rElec rN+ Str-5} (You found it on level 10 of
                  | the Dungeon)
 10148 | D:10     | Found Kanithau's Serpentskin Sales.
 10452 | Lair:1   | Entered Level 1 of the Lair of Beasts
 10559 | Lair:1   | Found a dark tunnel.
 10568 | Volcano  | Entered a volcano
 10589 | Volcano  | Noticed a wizard
 10596 | Volcano  | Killed a wizard
 10596 | Volcano  | Reached skill level 10 in Fighting
 10622 | Volcano  | Noticed a wizard
 10631 | Volcano  | Killed a wizard
 10642 | Volcano  | Noticed a wizard
 10648 | Volcano  | Killed a wizard
 10648 | Volcano  | Reached XP level 12. HP: 102/107 MP: 12/12
 10685 | Volcano  | Received a gift from Okawaru
 10688 | Volcano  | Got an encrusted hat {god gift}
 10698 | Volcano  | Identified the +1 hat "Meirrede" {Int+4} (Okawaru gifted it
                  | to you in a volcano)
 12311 | Lair:2   | Found a runed translucent gate.
 12311 | Lair:2   | Found a runed translucent gate.
 12311 | Lair:2   | Found a runed translucent gate.
 12311 | Lair:2   | Noticed Veteran's ghost (journeyman GnEE)
 12326 | Lair:2   | Found a gate leading to a gauntlet.
 12356 | Gauntlet | Entered a Gauntlet
 12356 | Gauntlet | Found a transporter.
 12356 | Gauntlet | Found a transporter.
 12356 | Gauntlet | Found a transporter.
 12356 | Gauntlet | Noticed a reaper
 12361 | Gauntlet | Found a transporter.
 12362 | Gauntlet | Found a transporter.
 12380 | Gauntlet | Found a transporter.
 12452 | Gauntlet | Found a transporter.
 12462 | Gauntlet | Found a transporter.
 12478 | Gauntlet | Found a transporter.
 12488 | Gauntlet | Found a transporter.
 12504 | Gauntlet | Found a transporter.
 12510 | Gauntlet | Found a transporter.
 13212 | Gauntlet | Identified the ring of Qumnatt {rN+ MP+9 Int-5 Dex+6 SInv}
 13212 | Gauntlet | Noticed a minotaur
 13241 | Gauntlet | Killed a minotaur
 13561 | Lair:2   | Reached skill level 15 in Long Blades
 13676 | Lair:2   | Noticed a five-headed hydra
 13682 | Lair:2   | Killed a five-headed hydra
 13691 | Lair:2   | Received a gift from Okawaru
 13691 | Lair:2   | Reached skill level 10 in Armour
 13731 | Lair:2   | Found a hole to the Spider Nest.
 14128 | Lair:2   | Reached XP level 13. HP: 91/116 MP: 14/14
 14692 | D:11     | Found a frozen archway.
 14737 | D:11     | Noticed Gastronok
 14759 | D:11     | Killed Gastronok
 14978 | IceCv    | Entered an ice cave
 15220 | IceCv    | Got a sparkling platinum ring
 15223 | IceCv    | Identified the ring "Ydif" {Wiz *Drain rN+ Slay+3 Stlth+}
                  | (You found it in an ice cave)
 15815 | IceCv    | Noticed a frost giant
 15869 | IceCv    | Killed a frost giant
 15898 | IceCv    | Reached skill level 15 in Shields
 16017 | IceCv    | Got a crude tin ring
 16019 | IceCv    | Identified the ring of Ashenzari's Vengeance {rPois rC+
                  | rN++} (You found it in an ice cave)
 16987 | D:11     | Reached ****** piety under Okawaru
 17134 | D:11     | Received a gift from Okawaru
 18172 | D:8      | Got a scintillating glass ring
 18190 | D:8      | Identified the ring of Rykkexus {Wiz *Contam rPois rF++
                  | rN+}
 18310 | D:8      | Got a bound lead amulet
 18319 | D:8      | Got a bound silver amulet
 18370 | D:8      | Reached XP level 14. HP: 104/127 MP: 15/15
 18552 | D:8      | Identified the amulet of Foerohek {Faith rF+ Int+2} (You
                  | found it on level 8 of the Dungeon)
 18553 | D:8      | Identified the amulet of the Salmon {RegenMP rPois} (You
                  | found it on level 8 of the Dungeon)
 18556 | D:8      | Identified the cursed ring of Wienn {AC-4 Str+5 Int+6} (You
                  | found it on level 8 of the Dungeon)
 19538 | Lair:2   | Received a gift from Okawaru
 19719 | Lair:2   | Killed Veteran's ghost
 20043 | Lair:3   | Found a staircase to the Swamp.
 21551 | Lair:4   | Received a gift from Okawaru
 23658 | D:12     | Reached skill level 1 in Evocations
 23699 | D:12     | Noticed Kirke
 23804 | D:12     | Killed Kirke
 23804 | D:12     | Received a gift from Okawaru
 24476 | D:12     | Noticed Frances
 24512 | D:12     | Gained mutation: You have a pair of large horns on your
                  | head. [a neqoxec]
 24593 | D:12     | Killed Frances
 24924 | Orc:1    | Entered Level 1 of the Orcish Mines
 24925 | Orc:1    | Noticed a stone giant
 24939 | Orc:1    | Killed a stone giant
 25232 | Orc:1    | Found a runed translucent door.
 25302 | Orc:1    | Found the +10 tower shield of Ignorance {rN+ Int-4}
 25317 | Orc:1    | Found a runed translucent door.
 25317 | Orc:1    | Noticed a stone giant
 25336 | Orc:1    | Killed a stone giant
 25862 | Orc:1    | Reached XP level 15. HP: 72/137 MP: 13/16
 26277 | Orc:2    | Entered Level 2 of the Orcish Mines
 27001 | Orc:2    | Found a staircase to the Elven Halls.
 27220 | Orc:2    | Found a roughly hewn altar of Beogh.
 27337 | Orc:2    | Received a gift from Okawaru
 27498 | Orc:2    | Found Byklyfil's Magic Scroll Emporium.
 27515 | Orc:2    | Bought a scroll of identify for 26 gold pieces
 27515 | Orc:2    | Bought a scroll of identify for 26 gold pieces
 27515 | Orc:2    | Bought a scroll of identify for 26 gold pieces
 27528 | Orc:2    | Found an ancient bone altar of Kikubaaqudgha.
 27547 | Orc:2    | Found Opumun's Antique Weapon Emporium.
 27581 | Orc:2    | Found a radiant altar of Vehumet.
 27602 | Orc:2    | Bought a warped scimitar for 234 gold pieces
 27602 | Orc:2    | Identified the +6 scimitar of Avviryb {vorpal, Dex+4} (You
                  | bought it in a shop on level 2 of the Orcish Mines)
 27701 | Orc:2    | Found Puaxew's Book Shoppe.
 27732 | Orc:2    | Found a roughly hewn altar of Beogh.
 27744 | Orc:2    | Found Koameeg's Book Shoppe.
 29707 | Orc:1    | Lost intelligence.
 30047 | D:13     | Noticed Josephine
 30057 | D:13     | Killed Josephine
 30117 | D:13     | Received a gift from Okawaru
 30725 | D:13     | Found Fejyug's Assorted Antiques.
 31304 | D:14     | Found a gate to the Vaults.
 31346 | D:14     | Found an iron altar of Okawaru.
 31804 | D:14     | Received a gift from Okawaru
 31820 | D:14     | Got a brightly glowing double sword {god gift}
 31821 | D:14     | Identified the +2 double sword of the Past {pain, rElec
                  | Str+3} (Okawaru gifted it to you on level 14 of the
                  | Dungeon)
 31899 | D:15     | Entered Level 15 of the Dungeon
 32039 | D:15     | Found a staircase to the Depths.
 32040 | D:15     | Noticed a fire giant
 32060 | D:15     | Killed a fire giant
 32339 | D:15     | Reached XP level 16. HP: 120/147 MP: 18/18
 32384 | D:15     | Received a gift from Okawaru
 32409 | D:15     | Got a jewelled chain mail {god gift}
 32650 | D:15     | Identified the +8 chain mail of Bedazzling Curiosity
                  | {Int+6} (Okawaru gifted it to you on level 15 of the
                  | Dungeon)
 33248 | Swamp:1  | Entered Level 1 of the Swamp
 33614 | Swamp:1  | Reached skill level 15 in Fighting
 33923 | Swamp:1  | You fall into a shaft and drop 1 floor!
 34284 | Swamp:2  | Found the +8 orange crystal plate armour {Archmagi, Int+3
                  | Clar}
 34294 | Swamp:2  | Noticed a thorn hunter
 34311 | Swamp:2  | Killed a thorn hunter
 34425 | Swamp:2  | Received a gift from Okawaru
 34673 | Swamp:2  | Found a runed translucent gate.
 34673 | Swamp:2  | Found a runed translucent gate.
 34674 | Swamp:2  | Found a runed translucent gate.
 34676 | Swamp:2  | Noticed Veteran's ghost (journeyman GnEE)
 34709 | Swamp:2  | Killed Veteran's ghost
 35349 | Swamp:3  | Noticed a thorn hunter
 35351 | Swamp:3  | Noticed a thorn hunter
 35357 | Swamp:3  | Noticed Aizul
 35360 | Swamp:3  | Noticed a thorn hunter
 35369 | Swamp:3  | Killed a thorn hunter
 35377 | Swamp:3  | Noticed Mara
 35381 | Swamp:3  | Noticed Peloso's illusion
 35617 | Swamp:3  | Killed a thorn hunter
 35875 | Spider:1 | Entered Level 1 of the Spider Nest
 36013 | Spider:1 | Noticed Nikola
 36033 | Spider:1 | Killed Nikola
 36033 | Spider:1 | Received a gift from Okawaru
 36493 | Spider:1 | Reached XP level 17. HP: 156/156 MP: 19/19
 36559 | Spider:1 | Got a bloodstained rapier
 36560 | Spider:1 | Identified the +5 rapier "Gapat" {speed, Int+4 Dex+5} (You
                  | found it on level 1 of the Spider Nest)
 36655 | Spider:1 | Identified a scroll of acquirement
 37645 | Swamp:3  | Noticed Peloso's illusion
 37728 | Swamp:3  | Noticed Peloso's illusion
 37734 | Swamp:3  | Killed Mara
 37734 | Swamp:3  | Received a gift from Okawaru
 37845 | Swamp:3  | Killed Aizul
 38932 | Swamp:4  | Entered Level 4 of the Swamp
 38932 | Swamp:4  | Noticed Donald
 38945 | Swamp:3  | Killed Donald
 39147 | Swamp:4  | Noticed Roxanne
 39214 | Swamp:4  | Killed Roxanne
 39939 | Swamp:4  | Received a gift from Okawaru
 40099 | Swamp:4  | Received a gift from Okawaru
 40434 | Swamp:4  | Got a decaying rune of Zot
 41161 | Spider:2 | Noticed Louise
 41172 | Spider:2 | Reached XP level 18. HP: 156/167 MP: 12/20
 41181 | Spider:2 | Killed Louise
 42185 | Spider:3 | Noticed Jorgrun
 42203 | Spider:3 | Killed Jorgrun
 42465 | Spider:4 | Entered Level 4 of the Spider Nest
 43022 | Spider:4 | Received a gift from Okawaru
 43028 | Spider:4 | Got a twisted cloak {god gift}
 43039 | Spider:4 | Identified the +1 cloak "Anin" {+Inv +Fly rF+ Regen+}
                  | (Okawaru gifted it to you on level 4 of the Spider Nest)
 43895 | Spider:4 | Received a gift from Okawaru
 44047 | Spider:4 | Reached skill level 15 in Armour
 44262 | Spider:4 | Got a gossamer rune of Zot
 44542 | Vaults:1 | Entered Level 1 of the Vaults
 44852 | Vaults:1 | Reached XP level 19. HP: 149/174 MP: 21/21
 45319 | Vaults:1 | Found Wuocsue's Jewellery Emporium.
 45789 | Vaults:1 | Paralysed by an ogre mage for 7 turns
 45925 | Vaults:1 | Received a gift from Okawaru
 45936 | Vaults:1 | Got a dazzling long sword {god gift}
 45937 | Vaults:1 | Identified the +9 long sword "Nahofiem" {flame, rC+ Str+3}
                  | (Okawaru gifted it to you on level 1 of the Vaults)
 46681 | Elf:1    | Entered Level 1 of the Elven Halls
 47278 | Elf:1    | You fall into a shaft and drop 1 floor!
 47302 | Elf:2    | Received a gift from Okawaru
 47780 | Elf:2    | Found a runed translucent gate.
 47780 | Elf:2    | Found a runed translucent gate.
 47803 | Elf:2    | Found a runed translucent gate.
 47824 | Elf:2    | Found the +7 Spriggan's Knife {stab, EV+4 Stlth+}
 47947 | Elf:2    | Noticed a Tzitzimitl
 48447 | Elf:1    | Identified the Volume of Dark Rites
 48672 | Elf:1    | Found Fypehonk's Book Shop.
 48909 | Elf:2    | Found Mycliwk's Assorted Antiques.
 49074 | Elf:2    | Bought a potion of might for 112 gold pieces
 49074 | Elf:2    | Bought a scroll of teleportation for 84 gold pieces
 49420 | Elf:2    | Reached XP level 20. HP: 63/187 MP: 22/22
 49422 | Elf:2    | Received a gift from Okawaru
 49755 | Elf:2    | Got an iridescent falchion {god gift}
 49756 | Elf:2    | Identified the +8 falchion "Dosin" {antimagic, *Drain
                  | +Blink rElec Dex+4} (Okawaru gifted it to you on level 2 of
                  | the Elven Halls)
 49996 | Elf:2    | Acquired the amulet of Asoiget {Reflect Dex+8 SH+5}
 50001 | Elf:2    | Acquired 490 gold pieces
 50014 | Elf:3    | Entered Level 3 of the Elven Halls
 50347 | Orc:2    | Bought a scroll of enchant weapon for 97 gold pieces
 50347 | Orc:2    | Bought a scroll of blinking for 97 gold pieces
 50347 | Orc:2    | Bought a scroll of identify for 26 gold pieces
 50347 | Orc:2    | Bought a scroll of teleportation for 39 gold pieces
 50347 | Orc:2    | Bought a scroll of teleportation for 39 gold pieces
 51097 | Vaults:2 | Received a gift from Okawaru
 51203 | Vaults:2 | Identified a +0 pair of boots of running (You found it on
                  | level 2 of the Vaults)
 51364 | Vaults:2 | Found the +7 Singing Sword {vorpal, sonic wave}
 51655 | Vaults:2 | Got a transparent ruby amulet
 51656 | Vaults:2 | Identified the amulet of Law {rC+ Regen+} (You found it on
                  | level 2 of the Vaults)
 51666 | Vaults:2 | Found a staircase to the Crypt.
 51983 | Vaults:2 | Got a twitching bone ring
 52425 | Vaults:3 | Found Atackow's Weapon Boutique.
 52987 | Vaults:3 | Received a gift from Okawaru
 54078 | Vaults:3 | Reached XP level 21. HP: 196/196 MP: 23/23
 54083 | Vaults:3 | Reached skill level 27 in Shields
 54225 | Vaults:4 | Received a gift from Okawaru
 54660 | Vaults:4 | Received a gift from Okawaru
 54995 | Vaults:4 | Found the -2 hat of the Alchemist {rElec rPois rF+ rC+ rN+
                  | MR+ rMut rCorr}
 55249 | Vaults:4 | Received a gift from Okawaru
 55624 | Vaults:4 | Got a fine plate armour
 55625 | Vaults:4 | Identified the cursed +0 plate armour of the Ditch-Digger
                  | {Stlth+} (You found it on level 4 of the Vaults)
 55629 | Vaults:4 | Identified the ring of Efuv {MP+9 Int-2 Dex+5} (You found
                  | it on level 2 of the Vaults)
 55837 | Vaults:4 | Noticed Sojobo
 55849 | Vaults:4 | Killed Sojobo
 56157 | Vaults:4 | Noticed Mennas
 56183 | Vaults:4 | Killed Mennas
 57174 | Vaults:5 | Entered Level 5 of the Vaults
 57182 | Vaults:5 | Received a gift from Okawaru
 57182 | Vaults:5 | Reached XP level 22. HP: 205/211 MP: 22/24
 57513 | Vaults:5 | Identified the +12 mace of Vauhiz {antimagic, rPois rC+}
 57517 | Vaults:5 | Received a gift from Okawaru
 57521 | Vaults:5 | Reached skill level 5 in Invocations
 59081 | Vaults:5 | HP: 8/213 [frost giant/bolt of cold (30)]
 59081 | Vaults:5 | HP: 3/213 [deep elf archer/arrow (5)]
 59092 | Vaults:5 | Received a gift from Okawaru
 60366 | Vaults:5 | Got a silver rune of Zot
 60417 | Vaults:5 | Got a twisted falchion
 60418 | Vaults:5 | Identified the +9 falchion of the Thieving Badger
                  | {antimagic, Fragile +Blink rN+} (You found it on level 5 of
                  | the Vaults)
 61128 | Vaults:5 | Got a jacinth-encrusted chain mail
 61129 | Vaults:5 | Identified the +5 chain mail of Beonka {rF++ Str+4 Int+4}
                  | (You found it on level 5 of the Vaults)
 61233 | Vaults:5 | Got an ebony trident {god gift}
 61768 | D:11     | Identified the +0 trident "Higeonong" {holy, rF- rN++}
                  | (Okawaru gifted it to you on level 5 of the Vaults)
 62190 | Elf:2    | Bought 2 potions of resistance for 560 gold pieces
 62233 | Elf:3    | Received a gift from Okawaru
 62298 | Elf:3    | Found Yschuf's Weapon Emporium.
 62594 | Elf:3    | Received a gift from Okawaru
 62594 | Elf:3    | Reached XP level 23. HP: 115/222 MP: 25/25
 62907 | Elf:3    | Received a gift from Okawaru
 63083 | Elf:3    | Identified the +10 quarterstaff of Otasomi {drain, rElec
                  | rC+ Int+5 Stlth+}
 63086 | Elf:3    | Identified the +7 scimitar "Wypev" {flame, Fragile MR++
                  | Str+4}
 63114 | Elf:3    | Identified the +10 quarterstaff "Alilize" {freeze, *Slow
                  | rPois Str+8 Dex+2}
 63114 | Elf:3    | Identified the ring of Akoer {*Tele +Fly rPois Dex+2
                  | Stlth-}
 63115 | Elf:3    | Identified the +5 kite shield of the Albatross {Dex+2}
 63147 | Elf:3    | Identified the +7 chain mail of Twilight {rElec rPois rC+
                  | Dex-4} (You found it on level 3 of the Elven Halls)
 63444 | Elf:3    | Acquired 2050 gold pieces
 63867 | Crypt:1  | Entered Level 1 of the Crypt
 64782 | Crypt:2  | Identified the +9 glaive "Ojair" {vorpal, Str+3 Dex+8} (You
                  | found it on level 2 of the Crypt)
 65324 | Crypt:2  | Received a gift from Okawaru
 65327 | Crypt:2  | Identified the +4 tower shield of Omoeghan {Str+5} (Okawaru
                  | gifted it to you on level 2 of the Crypt)
 65434 | Crypt:3  | Entered Level 3 of the Crypt
 65719 | Crypt:3  | Found the +6 Majin-Bo {vamp, Archmagi MP+6 Int+6}
 65772 | Crypt:3  | Identified the cursed +2 scimitar of Yredelemnul's Esteem
                  | {flame, +Rage} (You found it on level 3 of the Crypt)
 65905 | Crypt:3  | Found a basalt altar of Yredelemnul.
 66214 | Crypt:3  | Received a gift from Okawaru
 66332 | Crypt:3  | Found a staircase to the Tomb.
 66965 | Crypt:3  | Reached XP level 24. HP: 236/236 MP: 25/25
 67809 | Depths:1 | Entered Level 1 of the Depths
 67863 | Depths:1 | Received a gift from Okawaru
 67867 | Depths:1 | Cast into level 3 of the Abyss (a deep elf sorcerer)
 68279 | Abyss:3  | Identified Sorcery, Part Two
 68384 | Depths:1 | Escaped the Abyss
 68416 | Depths:1 | Received a gift from Okawaru
 68749 | Depths:1 | Received a gift from Okawaru
 68913 | Depths:1 | Identified the Compendium of the Maze
 69328 | Depths:1 | Cast into level 3 of the Abyss (a lich)
 69329 | Abyss:3  | Found a corrupted altar of Lugonu.
 69642 | Depths:1 | Escaped the Abyss
 69860 | Depths:1 | Acquired the amulet "Gakk" {Reflect *Contam MR+ Slay+2
                  | SH+5}
 69867 | Depths:1 | Got a pair of masterwork boots
 69868 | Depths:1 | Identified the +1 pair of boots of the Cobbler {Stlth+}
                  | (You found it on level 1 of the Depths)
 69948 | Depths:1 | Found a gateway to Hell.
 70170 | Depths:2 | Noticed Bai Suzhen
 70179 | Depths:1 | Killed Bai Suzhen
 70702 | Depths:2 | Paralysed by an orc sorcerer for 7 turns
 70932 | Depths:2 | Reached XP level 25. HP: 249/249 MP: 25/25
 70973 | Depths:2 | Received a gift from Okawaru
 71207 | Depths:2 | You fall into a shaft and drop 1 floor!
 71247 | Depths:3 | Found a flickering gateway to a bazaar.
 71260 | Bazaar   | Entered a bazaar
 71266 | Bazaar   | Found Goocve's Book Emporium.
 71266 | Bazaar   | Found Pagysch's Jewellery Shoppe.
 71276 | Bazaar   | Bought a cursed ring of attention for 63 gold pieces
 71436 | Depths:3 | Found a one-way gate leading to the halls of Pandemonium.
 71911 | Depths:3 | Noticed Asterion
 71925 | Depths:3 | Killed Asterion
 72040 | Depths:3 | Found a shattered altar of Ashenzari.
 72652 | Depths:3 | Received a gift from Okawaru
 72694 | Depths:3 | Found a snail-covered altar of Cheibriados.
 72885 | Depths:4 | Found a gateway to a ziggurat.
 72889 | Depths:4 | Noticed an ancient lich
 72905 | Depths:4 | Found a magical portal.
 72934 | Depths:4 | Received a gift from Okawaru
 73005 | Depths:4 | Found a one-way gate to the infinite horrors of the Abyss.
 73065 | WizLab   | Entered Doroklohe's Tomb
 73310 | WizLab   | Identified the +7 plate armour "Rymos" {Str+4}
 73319 | WizLab   | Noticed a greater mummy
 73350 | WizLab   | Killed a greater mummy
 73896 | Depths:4 | Identified the +5 falchion of Saltpetre {vorpal, +Inv rN+}
                  | (Okawaru gifted it to you on level 4 of the Depths)
 73986 | Depths:4 | Found a runed translucent door.
 74013 | Depths:4 | Found a runed translucent door.
 74177 | Depths:4 | Cast into level 3 of the Abyss (a deep elf sorcerer)
 74321 | Abyss:3  | Received a gift from Okawaru
 74329 | Abyss:3  | Identified the +6 falchion "Ommavu" {freeze, +Rage rF- rC-
                  | Int+9} (Okawaru gifted it to you on level 3 of the Abyss)
 74450 | Depths:4 | Escaped the Abyss
 74463 | Depths:4 | Reached XP level 26. HP: 243/264 MP: 25/25
 74471 | Depths:4 | Identified the amulet of Eqoxal {Acrobat rC+ Str+3 Dex+3}
 74646 | Depths:4 | Received a gift from Okawaru
 74680 | Depths:4 | Identified the Papyrus of Self-Knowledge
 76876 | Lair:6   | Entered Level 6 of the Lair of Beasts
 77034 | Lair:6   | Reached skill level 27 in Fighting
 77398 | Lair:6   | Identified the cursed +1 executioner's axe of the Briny
                  | Deep {antimagic, rElec rF- Str+3 Int+3} (You found it on
                  | level 6 of the Lair of Beasts)
 77521 | Lair:6   | Received a gift from Okawaru
 77552 | Lair:6   | Found a staircase to the Slime Pits.
 77597 | Lair:6   | Identified the +10 long sword "Gotriuw" {freeze, Int+4
                  | Dex+3 SInv} (You found it on level 6 of the Lair of Beasts)
 77604 | Lair:6   | Identified the +6 falchion "Lisareih" {vamp, rN+ Dex+5}
                  | (Okawaru gifted it to you on level 6 of the Lair of Beasts)
 77981 | Slime:1  | Entered Level 1 of the Pits of Slime
 77984 | Slime:1  | Gained mutation: You are clumsy. (Dex -2) [a shining eye]
 77995 | Slime:1  | Reached skill level 27 in Long Blades
 78000 | Slime:1  | Gained mutation: You tend to lose your temper in combat. [a
                  | shining eye]
 78008 | Slime:1  | Gained mutation: Scrolls take you a little longer to read.
                  | [a shining eye]
 78050 | Slime:2  | Gained mutation: You are partially covered in yellow
                  | scales. (AC +2) [a shining eye]
 78063 | Slime:2  | Received a gift from Okawaru
 78295 | Slime:3  | Gained mutation: You are dopey. (Int -2) [a shining eye]
 78297 | Slime:3  | Gained mutation: Your magical capacity is low. (-10% MP) [a
                  | shining eye]
 78533 | Slime:5  | Entered Level 5 of the Pits of Slime
 78948 | Slime:5  | Lost mutation: You tend to lose your temper in combat. [a
                  | shining eye]
 78950 | Slime:5  | Gained mutation: You are frail. (-10% HP) [a shining eye]
 79001 | Slime:5  | Noticed the Royal Jelly
 79044 | Slime:5  | Paralysed by a great orb of eyes for 6 turns
 79443 | Slime:5  | Killed the Royal Jelly
 79449 | Slime:4  | Paralysed by a great orb of eyes for 3 turns
 80392 | Slime:5  | Identified Looqizey's Reference Book on Darkness
 80395 | Slime:5  | Got a slimy rune of Zot
 80472 | Slime:5  | Got a flickering jade ring
 80475 | Slime:5  | Identified the ring of the Devil {+Fly Slay+6} (You found
                  | it on level 5 of the Pits of Slime)
 80699 | D:10     | Bought warped fire dragon scales for 1690 gold pieces
 80702 | D:10     | Identified the +2 fire dragon scales of Stoicism {rElec
                  | rF++ rC-} (You bought it in a shop on level 10 of the
                  | Dungeon)
 80792 | D:11     | Lost mutation: Your magical capacity is low. (-10% MP)
                  | [potion of mutation]
 80792 | D:11     | Lost mutation: You are clumsy. (Dex -2) [potion of
                  | mutation]
 80792 | D:11     | Lost mutation: Scrolls take you a little longer to read.
                  | [potion of mutation]
 80792 | D:11     | Gained mutation: You are very frail. (-20% HP) [potion of
                  | mutation]
 80792 | D:11     | Gained mutation: You possess an exceptional clarity of
                  | mind. [potion of mutation]
 80793 | D:11     | Lost mutation: You possess an exceptional clarity of mind.
                  | [potion of mutation]
 80793 | D:11     | Lost mutation: You are dopey. (Int -2) [potion of mutation]
 80793 | D:11     | Lost mutation: You are very frail. (-20% HP) [potion of
                  | mutation]
 80793 | D:11     | Gained mutation: You can translocate small distances at
                  | will. [potion of mutation]
 80793 | D:11     | Gained mutation: You are clumsy. (Dex -2) [potion of
                  | mutation]
 80793 | D:11     | Gained mutation: You have sharp toenails. [potion of
                  | mutation]
 80794 | D:11     | Lost mutation: You are clumsy. (Dex -2) [potion of
                  | mutation]
 80794 | D:11     | Lost mutation: You are frail. (-10% HP) [potion of
                  | mutation]
 80794 | D:11     | Gained mutation: You tend to lose your temper in combat.
                  | [potion of mutation]
 80794 | D:11     | Gained mutation: You are resistant to hostile enchantments.
                  | (MR+) [potion of mutation]
 80794 | D:11     | Gained mutation: You have a beak for a mouth. [potion of
                  | mutation]
 81235 | Depths:5 | Entered Level 5 of the Depths
 81447 | Depths:5 | Reached XP level 27. HP: 253/272 MP: 26/26
 82018 | Depths:5 | Noticed a juggernaut
 82024 | Depths:5 | Received a gift from Okawaru
 82029 | Depths:5 | Killed a juggernaut
 82399 | Depths:5 | Noticed Jory
 82412 | Depths:5 | Killed Jory
 82453 | Depths:5 | Found a gate to the Realm of Zot.
 83205 | D:4      | Bought a potion of cancellation for 104 gold pieces
 83205 | D:4      | Bought a potion of curing for 39 gold pieces
 83903 | Depths:4 | Killed an ancient lich
 83915 | Zig:1    | Entered Level 1 of a ziggurat
 83940 | Zig:2    | Entered Level 2 of a ziggurat
 83964 | Zig:3    | Entered Level 3 of a ziggurat
 83990 | Zig:4    | Entered Level 4 of a ziggurat
 84143 | Zig:5    | Entered Level 5 of a ziggurat
 84150 | Zig:5    | Received a gift from Okawaru
 84170 | Zig:5    | Got a faintly glowing graven amulet
 84171 | Zig:5    | Identified the amulet "Tottelle" {Reflect +Blink SH+5 SInv}
                  | (You found it on level 5 of a ziggurat)
 84307 | Zig:6    | Entered Level 6 of a ziggurat
 84311 | Zig:6    | Found the ring of Shadows {Umbra +Inv Stlth+}
 84313 | Zig:6    | Lost intelligence.
 84343 | Zig:6    | Got a vibrating amber ring
 84363 | Zig:6    | Identified the ring "Komu" {rC+ MR+} (You found it on level
                  | 6 of a ziggurat)
 85176 | Zig:7    | Entered Level 7 of a ziggurat
 85192 | Zig:7    | Reached skill level 27 in Armour
 85296 | Zig:8    | Entered Level 8 of a ziggurat
 85308 | Zig:8    | Found the +8 storm bow {elec, penet}
 85330 | Zig:8    | Got a flickering jade ring
 85354 | Zig:8    | Identified the cursed ring "Racsesa" {+Blink rElec rN+
                  | Int-4 SInv} (You found it on level 8 of a ziggurat)
 85487 | Zig:9    | Entered Level 9 of a ziggurat
 85527 | Zig:9    | Reached skill level 5 in Stealth
 85712 | Zig:10   | Entered Level 10 of a ziggurat
 85720 | Zig:10   | Noticed Xufoanes the pandemonium lord
 85732 | Zig:10   | Killed Xufoanes the pandemonium lord
 85759 | Zig:10   | Reached skill level 1 in Throwing
 85759 | Zig:10   | Reached skill level 1 in Unarmed Combat
 85759 | Zig:10   | Reached skill level 1 in Spellcasting
 85781 | Zig:10   | Identified the cursed +1 trident of Evil {vorpal, rElec
                  | Str-3 Dex+7 Stlth+} (You found it on level 10 of a
                  | ziggurat)
 86077 | Zig:11   | Entered Level 11 of a ziggurat
 86097 | Zig:11   | Reached skill level 10 in Invocations
 86134 | Zig:11   | Identified the cursed +2 short sword "Orb Guardian's Curse"
                  | {protect, rElec} (You found it on level 11 of a ziggurat)
 86562 | Zig:12   | Entered Level 12 of a ziggurat
 86639 | Zig:12   | Got a transparent amber ring
 86640 | Zig:12   | Identified the ring of Xom's Capriciousness {+Blink rElec
                  | Dex+6} (You found it on level 12 of a ziggurat)
 86648 | Zig:12   | Acquired 1950 gold pieces
 86676 | Zig:13   | Entered Level 13 of a ziggurat
 86689 | Zig:13   | Found the cursed necklace of Bloodlust {*Rage +Rage MR++
                  | Int-3 Slay+6 *Curse}
 86689 | Zig:13   | Noticed an ancient lich
 86699 | Zig:13   | Killed an ancient lich
 86730 | Zig:13   | Got a slimy steel ring
 86731 | Zig:13   | Identified the ring "Ubryucla" {rC+ Str+6 Int+5 Stlth+}
                  | (You found it on level 13 of a ziggurat)
 86736 | Zig:13   | Identified the Catalogue of Blistering Shape Shifting
 86952 | Zig:14   | Entered Level 14 of a ziggurat
 86970 | Zig:14   | Received a gift from Okawaru
 86989 | Zig:14   | Found the +7 sceptre of Torment {pain, torment}
 87268 | Zig:14   | Found the +27 Lear's hauberk
 87295 | Zig:14   | Identified the +7 long sword "Kommed" {vamp, rF+ SInv} (You
                  | found it on level 14 of a ziggurat)
 87307 | Zig:14   | Identified the +7 chain mail of Intuition {SInv} (You found
                  | it on level 14 of a ziggurat)
 87425 | Zig:15   | Entered Level 15 of a ziggurat
 87432 | Zig:15   | Noticed a juggernaut
 87443 | Zig:15   | Killed a juggernaut
 87443 | Zig:15   | Reached skill level 5 in Evocations
 87452 | Zig:15   | Received a gift from Okawaru
 87454 | Zig:15   | Reached skill level 15 in Invocations
 87528 | Zig:15   | Got a wavering bronze amulet
 87529 | Zig:15   | Identified the amulet of Macoeschy {Regen+ Dex+6} (You
                  | found it on level 15 of a ziggurat)
 87804 | Zig:16   | Entered Level 16 of a ziggurat
 87873 | Zig:16   | Got a scintillating lapis lazuli ring
 87874 | Zig:16   | Identified the ring of Rimaik {rElec rC+ Str+6 Stlth+} (You
                  | found it on level 16 of a ziggurat)
 87904 | Zig:16   | Identified the +4 hand crossbow "Urorghomi" {elec, rF+}
                  | (You found it on level 16 of a ziggurat)
 88081 | Zig:17   | Entered Level 17 of a ziggurat
 88499 | Zig:17   | Identified the Compendium of Earthen Ice
 88511 | Zig:17   | Got a heavily runed lapis lazuli ring
 88512 | Zig:17   | Identified the ring "Xatorham" {+Fly rC+ Int-2 Dex+4} (You
                  | found it on level 17 of a ziggurat)
 88605 | Zig:18   | Entered Level 18 of a ziggurat
 88705 | Zig:18   | Received a gift from Okawaru
 88914 | Zig:19   | Entered Level 19 of a ziggurat
 88931 | Zig:19   | Noticed a greater mummy
 88931 | Zig:19   | Noticed a greater mummy
 88933 | Zig:19   | Noticed a greater mummy
 88933 | Zig:19   | Noticed a greater mummy
 88933 | Zig:19   | Noticed a greater mummy
 88933 | Zig:19   | Noticed a greater mummy
 88935 | Zig:19   | Noticed a greater mummy
 88943 | Zig:19   | HP: 8/272 [something (13)]
 88975 | Zig:19   | Killed a greater mummy
 88975 | Zig:19   | Killed a greater mummy
 88975 | Zig:19   | Received a gift from Okawaru
 88975 | Zig:19   | HP: 11/273 [??? (6)]
 88976 | Zig:19   | Found the +3 pair of gauntlets of War {Slay+5}
 88980 | Zig:19   | HP: 5/273 [??? (2)]
 88980 | Zig:19   | Killed from afar by a jiangshi

Illustrated notes

Levels and vault maps discovered:
D:1:      grunt_arrival_crossed_arrows, layout_loops_ring
D:2:      layout_loops_ring, patterned_corridor
D:3:      layout_loops_ring, first_ration
D:4:      layout_basic, serial_shops, kennysheep_little_box,
          nicolae_dithmenos_through_a_glass_darkly
D:5:      layout_basic, minmay_temple_entry_arrows, minmay_fractal_squares_5
D:6:      layout_cave_pools
D:7:      layout_loops_corners, basic_altar
D:8:      minmay_the_grid_triangle_9x9_rhombus_full
          [minmay_the_grid_triangle_9x9_dagger,
          minmay_the_grid_triangle_9x9_cache,
          minmay_the_grid_triangle_9x9_corrupted_corridor,
          minmay_the_grid_triangle_9x9_sparse_checkered,
          minmay_the_grid_triangle_9x9_stretched_checkered,
          minmay_the_grid_triangle_9x9_checkered,
          minmay_the_grid_triangle_9x9_odd_lines,
          minmay_the_grid_triangle_9x9_prize_special], layout_cave_pools,
          the_bakery, minmay_misc_feat_alley, uniq_maggie
D:9:      layout_irregular_city, orc_0_dummy, trog_book, uniq_pikel
D:10:     layout_loops_ring, dpeg_lair_monsters, serial_shops, shop,
          guppyfry_shop_venom
D:11:     layout_cave_pools, portal_ice_cave_entry_imps, uniq_gastronok
D:12:     layout_cave_pools, uniq_frances, uniq_kirke
D:13:     layout_stronghold, serial_shops, nicolae_shop_behind_doors,
          lemuel_flame_loot_1, uniq_josephine
D:14:     layout_big_octagon, skrybe_vaults_entry_preservation, basic_altar,
          palyth_stone_intersect
D:15:     grunt_enter_depths_giant_problem, layout_basic
Temple:   dpeg_three_leaves_temple
Lair:1:   layout_regular_city, lightli_volcano_entry_magma_tube,
          serial_bayou_shore_a
Lair:2:   hangedman_what_comes_after_a, layout_regular_city,
          spider_nest_entry_a, gauntlet_entry_generic, gammafunk_ghost_split,
          nicolae_quartered_pool_medium
Lair:3:   layout_regular_city, swamp_mist, st_stairs_7, minmay_holes,
          hangedman_lair_unloving_vines, bobbens_dragon_lair_wall
Lair:4:   layout_big_grid, lemuel_fruit_tree, grunt_megastairs_1
Lair:5:   layout_regular_city, serial_bayou_pond_e, st_stairs_7,
          serial_bayou_shore_b, grunt_megastairs_2
Lair:6:   minmay_lair_end_frog_pond, layout_long_grid,
          minmay_slime_entry_jelly_boxes, minivault_26
Swamp:1:  layout_basic_swamp, serial_swamp_ruin, evilmike_swamp_ruin_house_5,
          evilmike_swamp_ruin_rubble_2
Swamp:2:  layout_basic_swamp, ebering_ghost_rock_garden,
          evilmike_swamp_ruin_house_2
Swamp:3:  layout_basic_swamp, infiniplex_staircase_pool, ldierk_geyser,
          uniq_mara, uniq_aizul
Swamp:4:  swamp_basic_johnstein, layout_basic_swamp, uniq_donald, uniq_roxanne
Spider:1: layout_spider_delve, uniq_nikola
Spider:2: layout_spider_delve, uniq_louise
Spider:3: layout_spider_delve, uniq_jorgrun
Spider:4: floodkiller_spider_rune_tomb
Slime:1:  layout_caves
Slime:2:  layout_caves, nicolae_slime_round_cave
Slime:3:  layout_caves
Slime:4:  layout_caves
Slime:5
Orc:1:    layout_caves, chequers_guarded_unrand_ignorance
Orc:2:    kennysheep_orc_mage_school, layout_caves, basic_altar
Elf:1:    minmay_elf_arrival_circle, layout_loops_cross, serial_shops,
          nicolae_shop_temple_entry_statues_fountains, minmay_elf_necromancy,
          roderic_roman_lattice
Elf:2:    layout_gridlike, serial_shops, shop
Elf:3:    minmay_elf_hall_circle, layout_rooms, serial_shops,
          nicolae_shop_temple_entry_statues_fountains
Vaults:1: vaults_dpeg_diagonal, ontoclasm_vaults_gateway,
          nicolae_vaults_yaktaur_gun_rack, v_misc_1, vaults_room_fancy_cross,
          hangedman_vaults_stream, vaults_room_hallway, v_pattern_4,
          nicolae_vaults_ring_of_whatevers, nicolae_vaults_network_quinsquares
          [nicolae_vaults_network_quincunx_subvault,
          nicolae_vaults_network_quincunx_subvault,
          nicolae_vaults_network_quincunx_subvault,
          nicolae_vaults_network_quincunx_subvault], v_misc_18, v_misc_16,
          ontoclasm_vaults_idyll, vaults_dpeg_spiral, v_misc_24, st_cells,
          layout_vaults_omnibox, serial_shops, shop
Vaults:2: v_pattern_2, vaults_room_ringed_pool, v_misc_25, v_misc_1,
          ontoclasm_vaults_ring_small, ontoclasm_vaults_hangar,
          hangedman_vaults_locks, vaults_standard_mumra_enter_the_diamond,
          vaults_dpeg_encased_lava, layout_vaults_omnicross
Vaults:3: nicolae_vaults_lopsided_apartments, nicolae_vaults_theta, v_misc_25,
          v_misc_15, hangedman_vaults_maws, hangedman_vaults_unwind,
          nicolae_vaults_little_squares_3, ontoclasm_vaults_decontamination,
          v_misc_29, vaults_room_stairs_pillars, ontoclasm_vaults_ring_square,
          hangedman_vaults_impose, nicolae_vaults_little_squares_4,
          hangedman_vaults_trim, v_misc_5, ontoclasm_vaults_pinch,
          ontoclasm_vaults_shuriken, ontoclasm_vaults_loading_screen,
          layout_vaults_maze_snakey, serial_shops, shop
Vaults:4: st_greater_box_3, hangedman_vaults_corner_blocks,
          vaults_mumra_minichess, vaults_mumra_chevron, hangedman_vaults_nodes,
          ontoclasm_vaults_eye, layout_vaults_omnigrid, uniq_sojobo,
          uniq_mennas, uniq_margery
Vaults:5
Crypt:1:  layout_regular_city
Crypt:2:  layout_regular_city, grunt_ministairs_11
Crypt:3:  evilmike_haunted_forest
Depths:1: layout_cave_pools, kennysheep_cluttered_room, special_room
          [special_room_magic_class], hellmouth_1, drop_trap,
          grunt_decor_one_mirror, corexii_mini_fake_secret_closet,
          small_chamber_with_monster, hex_tiny, grunt_ministairs_7,
          hangedman_decor_push, minivault_1, dpeg_stationary_puzzle
Depths:2: cheibrodos_lost_city_excavation, layout_cave_pools, hell_entry,
          serial_glass, glass_columns_a, glass_columns_a, glass_columns_b,
          glass_columns_a, glass_columns_a, glass_columns_a,
          grunt_absolute_annihilation, uniq_bai_suzhen
Depths:3: pf_snail_temple, layout_gridlike, serial_shops, bzr_entry_islet,
          pan_entry, hangedman_decor_peaks_small, hell_entry, ashenzari_altar_1,
          infiniplex_staircase_split_hallway, uniq_asterion
Depths:4: minmay_expanding_circles, layout_basic, enter_ziggurat_c,
          lightli_enter_wizlab_magi_temple, abyss_entry, hangedman_geh_valley,
          infiniplex_staircase_pillars_1
Depths:5: grunt_zot_entry_hairpin, layout_gridlike, grunt_pan_entry_sceptre,
          minmay_misc_feat_diagonals, hell_entry, marbit_kobold_abyss_entry,
          uniq_jory
Zig:19

Skill      XL: |  1  2  3  4  5  6  7  8  9 10 11 12 13 14 15 16 17 18 19 20 21 22 23 24 25 26 27 |
---------------+----------------------------------------------------------------------------------+-----
Shields        | 4 6 7 8 10 11 13 15 17 19 20 22 24 26 27 | 27.0
Fighting       | 4 5 6 7 8 10 11 12 13 14 15 16 17 18 20 21 23 25 26 27 | 27.0
Armour         | 4 5 7 8 10 11 12 13 14 15 16 18 19 20 21 24 27 | 27.0
Long Blades    | 3 4 5 6 8 9 11 12 14 15 16 17 18 19 20 22 23 24 26 27 | 27.0
Dodging        | 1 2 4 5 6 7 8 9 |  9.1
Stealth        | 1 2 3 6 |  6.2
Invocations    | 1 3 4 5 6 18 | 18.5
Evocations     | 1 5 |  5.6
Throwing       | 2 |  2.5
Unarmed Combat | 2 |  2.6
Spellcasting   | 1 |  1.6
Maces & Flails | |  0.9

Action                   |  1- 3 |  4- 6 |  7- 9 | 10-12 | 13-15 | 16-18 | 19-21 | 22-24 | 25-27 || total
-------------------------+-------+-------+-------+-------+-------+-------+-------+-------+-------++-------
Melee: Long sword        |    94 |   124 |   217 |       |   159 |       |   549 |       |       ||  1143
       Headbutt          |    11 |    20 |    69 |   221 |   627 |   625 |   446 |   392 |   481 ||  2892
       Falchion          |       |       |   143 |   706 |  1244 |       |       |       |       ||  2093
       Mace              |       |       |       |     4 |    13 |       |       |       |       ||    17
       Scimitar          |       |       |       |       |   439 |  1884 |   313 |       |       ||  2636
       Double sword      |       |       |       |       |       |       |   520 |  1068 |  1410 ||  2998
       Peck              |       |       |       |       |       |       |       |       |   124 ||   124
Invok: Heroism           |       |       |     2 |    21 |    26 |    11 |     6 |     1 |    21 ||    88
       Finesse           |       |       |       |     1 |     6 |     1 |     1 |       |    13 ||    22
 Abil: Evoke Flight      |       |       |       |       |       |       |       |       |     1 ||     1
Evoke: Wand              |       |       |       |     1 |     2 |       |     1 |     1 |     3 ||     8
       Box of beasts     |       |       |       |       |     1 |       |       |       |       ||     1
  Use: Potion            |     2 |       |     2 |     4 |     8 |     3 |     2 |    11 |    20 ||    52
       Scroll            |     8 |     2 |     2 |    16 |     9 |    10 |    15 |    14 |    54 ||   130
 Stab: Paralysed         |       |       |       |       |       |       |     1 |       |       ||     1
  Eat: Chunk             |     3 |     6 |    10 |     8 |    51 |    26 |    29 |    11 |    24 ||   168
       Ration            |       |       |     1 |     4 |     3 |     5 |     3 |     9 |    10 ||    35
Armor: Scale mail        |    19 |       |       |       |       |       |       |       |       ||    19
       Chain mail        |    20 |    50 |   122 |       |   235 |    57 |   102 |       |       ||   586
       Swamp dragon scal |       |       |     9 |    49 |       |       |       |       |       ||    58
       Plate armour      |       |       |       |   136 |   378 |       |       |       |       ||   514
       Crystal plate arm |       |       |       |       |       |   766 |   384 |   579 |   670 ||  2399
       Gold dragon scale |       |       |       |       |       |       |       |       |   246 ||   246
Dodge: Dodged            |    17 |    33 |    74 |   216 |   562 |   458 |   307 |   327 |   533 ||  2527
Block: Kite shield       |    44 |    62 |   189 |   374 |  1073 |       |   822 |   892 |  1135 ||  4591
       Tower shield      |       |       |       |       |   564 |  3419 |   571 |       |   559 ||  5113
       Reflection        |       |       |       |       |       |       |   100 |    77 |    88 ||   265
       Rpst.: Long sword |     7 |    10 |    13 |       |    10 |       |    34 |       |       ||    74
       Falchion          |       |       |     8 |    53 |    79 |       |       |       |       ||   140
       Scimitar          |       |       |       |       |    24 |    83 |     8 |       |       ||   115
       Double sword      |       |       |       |       |       |       |    19 |    52 |    71 ||   142
